cohdb
Replays
Latest Replays
All Replays
Popular Replays
Top Player Replays
Match Explorer
How It Works
Community
CoH3 Stats
Reddit
Sign in to upload your games and track your stats! →
Sign in with Steam
Match 20064384
Unlisted
Match 20064384
Overview
Messages
Build Orders
End
Royal Engineer Section
Construct Section Command Post
Dingo Light Scout Car
Infantry Section
Infantry Section
Grenade Package
Vickers Machine Gun Team
Construct Platoon Command Post
Humber Armored Car
Selects Air and Sea Battlegroup
Selects Commando Section Paradrop
Construct Field Infirmary
Commando Section Paradrop
Unlock M3 Stuart Light Tanks
M3 Stuart Light Tank
Selects Supply Surplus
Selects Centaur Medium Tank
Centaur Medium Tank
6-pounder Anti-tank Gun Team
Selects Naval Bombardment
Selects M1 Pack Howitzer Paradrop
Construct Company Command Post
Foot Guards Section
AI Takeover
fontinixxl
MonoChrome
0
0
Comments
sign in to comment!
No comments posted yet!